 Dungeon Crawl Stone Soup version 0.23.1-37-gaa34b87b72 (webtiles) character file.

Game seed: 1278820299222360845

119 Ketharn the Skirmisher (level 4, 0/45 HPs)
             Began as a Minotaur Berserker on Mar 20, 2019.
             Was a Priest of Trog.
             Asphyxiated
             ... on level 3 of the Dungeon.
             The game lasted 00:13:07 (1594 turns).

Ketharn the Skirmisher (Minotaur Berserker)         Turns: 1594, Time: 00:13:12

Health: 0/45       AC: 11    Str: 22    XL:     4   Next: 73%
Magic:  3/3        EV:  8    Int:  4    God:    Trog [***...]
Gold:   119        SH:  0    Dex: 10    Spells: 3/3 levels left

rFire    . . .     SeeInvis .   b - +0 hand axe
rCold    . . .     Gourm    .   (no shield)
rNeg     . . .     Faith    .   m - +0 chain mail
rPois    .         Spirit   .   (helmet restricted)
rElec    .         Reflect  .   o - +0 cloak
rCorr    .         Harm     .   (no gloves)
MR       .....                  f - +0 pair of boots
Stlth    ..........             (no amulet)
HPRegen  0.15/turn              (no ring)
MPRegen  0.08/turn              (no ring)

@: lethally poisoned (0 -> -21), slowed, very slow
A: retaliatory headbutt, horns 2
a: Berserk, Trog's Hand, Renounce Religion


You were on level 3 of the Dungeon.
You worshipped Trog.
Trog was most pleased with you.
You were not hungry.

You visited 1 branch of the dungeon, and saw 3 of its levels.

You collected 119 gold pieces.

Inventory:

Hand Weapons
 a - a +0 hand axe
 b - a +0 hand axe (weapon)
 e - a +0 club
Missiles
 i - 21 stones (quivered)
Armour
 f - a +0 pair of boots (worn)
 m - a +0 chain mail (worn)
 o - a +0 cloak (worn)
Magical Staves
 r - an uncursed staff of death {unknown}
Jewellery
 p - an uncursed ring of ice {unknown}
Scrolls
 d - 2 scrolls of blinking {unknown}
 g - a scroll of amnesia {unknown}
 k - 5 scrolls of identify {unknown}
 l - a scroll of enchant armour {unknown}
 n - a scroll of remove curse {unknown}
 q - a scroll of immolation {unknown}
Potions
 h - a potion of heal wounds {unknown}
 j - 4 potions of mutation {unknown}
Comestibles
 c - 6 rations


   Skills:
 * Level 6.7 Fighting
 - Level 3.6 Axes
 - Level 2.4 Armour
 - Level 2.1 Dodging


You had 3 spell levels left.
You didn't know any spells.
Your spell library was empty.

Dungeon Overview and Level Annotations

Branches:
Dungeon (3/15)

Altars:


Innate Abilities, Weirdness & Mutations

You reflexively headbutt those who attack you in melee.
You have a pair of horns on your head.


Message History

You feel as though you will be slow longer.
You feel sick.
The kobold shoots a curare-tipped needle.
The curare-tipped needle barely misses you.
The kobold shoots a curare-tipped needle.
The curare-tipped needle hits you.
You are lethally poisoned!
You have difficulty breathing.
* * * LOW HITPOINT WARNING * * *
You feel as though you will be slow longer.
Things that are here:
2 curare-tipped needles; a glowing dark potion You eat one of the 7 rations.
That ration really hit the spot!
* * * LOW HITPOINT WARNING * * *
You feel very sick.
The kobold shoots a curare-tipped needle.
The curare-tipped needle hits you.
You are more poisoned.
You have difficulty breathing.
You die...

..... #.# # .....
#.# ## ###...#
#.###. ....o# #...).
#....## ##.)##.
#.#K..##.##))### #
#..)#....##.รท# #
#.#####Ko.#####.)###
#..@..(.............
########.......#.###
#######.....[
#...... #######


You could see an orc and a kobold.

Vanquished Creatures
  Robin (D:3)
  2 adders
  2 worms
  3 dart slugs (D:1)
  A leopard gecko (D:2)
  2 orcs (D:3)
  A ball python (D:1)
  7 giant cockroaches
  10 hobgoblins
  4 jackals (D:1)
  3 kobolds (D:1)
  3 quokkas (D:2)
  10 bats
  3 frilled lizards
  9 goblins
  10 rats
71 creatures vanquished.

Notes
Turn   | Place    | Note
-------+----------+-------------------------------------------
     0 | D:1      | Ketharn the Minotaur Berserker began the quest for the Orb.
     0 | D:1      | Reached XP level 1. HP: 19/19 MP: 0/0
   179 | D:1      | Reached skill level 4 in Fighting
   199 | D:1      | Reached XP level 2. HP: 19/28 MP: 1/1
   347 | D:1      | Reached skill level 5 in Fighting
   369 | D:1      | Reached ** piety under Trog
   421 | D:1      | Reached XP level 3. HP: 34/36 MP: 2/2
   920 | D:2      | Reached XP level 4. HP: 38/44 MP: 3/3
  1050 | D:2      | Reached skill level 6 in Fighting
  1159 | D:3      | Noticed Robin
  1169 | D:3      | Killed Robin
  1185 | D:3      | Reached *** piety under Trog
  1594 | D:3      | Asphyxiated

Skill      XL: |  1  2  3  4 |
---------------+-------------+-----
Fighting       | 4 5 6 |  6.7
Axes           | |  3.6
Armour         | |  2.4
Dodging        | |  2.1

Action                   |  1- 3 |  4- 6 || total
-------------------------+-------+-------++-------
Melee: Hand axe          |   103 |    37 ||   140
       Headbutt          |    11 |     9 ||    20
Invok: Berserk           |     1 |     1 ||     2
  Eat: Chunk             |     1 |     1 ||     2
       Ration            |       |     1 ||     1
Armor: Animal skin       |    11 |       ||    11
       Chain mail        |    71 |    21 ||    92
Dodge: Dodged            |    63 |    24 ||    87
